 Dungeon Crawl Stone Soup version 0.28-a0-503-g83f2989fac (webtiles) character file.

Game seed: 314896798217638741

2421 Zenkrye the Ducker (level 9, -13/67 HPs)
             Began as a Djinni Conjurer on Sept 20, 2021.
             Hit by a stone thrown by a skeletal warrior (22 damage)
             ... led by a skeletal warrior
             ... on level 6 of the Dungeon.
             The game lasted 00:22:25 (8274 turns).

Zenkrye the Ducker (Djinni Conjurer)                Turns: 8274, Time: 00:22:27

Health: -13/67     AC:  5    Str:  6    XL:     9   Next: 76%
Gold:   330        EV: 15    Int: 23    God:
                   SH:  0    Dex: 12

rFire   + + .      SeeInvis .   d - +0 dagger (elec)
rCold   x . .      Faith    .   (no shield)
rNeg    + . .      Spirit   .   l - +0 robe {Will+}
rPois   ∞          Reflect  .   (no helmet)
rElec   .          Harm     .   c - +2 cloak
rCorr   .          Rampage  .   (no gloves)
Will    +....                   (boots unavailable)
Stlth   ++........              (no amulet)
HPRegen 0.21/turn               n - ring of positive energy
MPRegen 0.00/turn               (no ring)

@: flying
A: sickness immunity, fire resistance 2, cold vulnerability 1, float, innate
caster, hp casting, extra vitality 1
a: no special abilities


You were on level 6 of the Dungeon.
You visited 1 branch of the dungeon, and saw 7 of its levels.

You collected 330 gold pieces.

Inventory:

Hand Weapons
 b - a +0 spear
 d - a +0 dagger of electrocution (weapon)
Missiles
 e - 59 sling bullets
Armour
 a - a +0 robe
 c - a +2 cloak (worn)
 k - +2 swamp dragon scales
 l - a +0 robe of willpower (worn)
 m - a +0 kite shield
Jewellery
 f - the ring "Kepel" {Fire Will+ Int-3 SInv}
   (You acquired it on level 2 of the Dungeon)

   [ring of fire]

   It enhances your fire magic.
   Int:       It affects your intelligence (-3).
   rF:        It protects you from fire.
   rC:        It makes you vulnerable to cold.
   SInv:      It lets you see invisible.
   Will:      It increases your willpower.
 n - a ring of positive energy (left hand)
Wands
 g - a wand of acid (3) {@v2}
Scrolls
 i - 2 scrolls of identify {@r1}
Potions
 j - 2 potions of resistance {unknown}
 p - a potion of might {@q4}


   Skills:
 + Level 6.5 Fighting
 + Level 7.6 Dodging
 - Level 1.5 Stealth
 + Level 4.3 Shields
 + Level 6.1 Spellcasting


You couldn't memorise any spells.
You knew the following spells:

 Your Spells              Type           Power      Damage    Failure   Level
a - Magic Dart            Conj           100%       1d8       1%          1
b - Searing Ray           Conj           70%        2d7       1%          2
c - Dazzling Flash        Conj/Hex       70%        N/A       1%          3
d - Fulminant Prism       Conj/Hex       17%        3d11      7%          4
e - Blink                 Tloc           N/A        N/A       1%          2
f - Lesser Beckoning      Tloc           35%        N/A       1%          3
g - Teleport Other        Tloc           35%        N/A       1%          3
q - Iskenderun's Mystic   Conj/Tloc      35%        2d8       7%          4
v - Animate Skeleton      Necr           70%        N/A       1%          1
Your spell library was empty.

Dungeon Overview and Level Annotations

Branches:
Dungeon (7/15)
 Temple: D:4-7

Altars:
Ashenzari
Elyvilon
Okawaru
Zin
Beogh

Shops:
D:5 *

Annotations:
D:4 Duvessa, Edmund


Innate Abilities, Weirdness & Mutations

You are immune to sickness and miasma.
You are immune to poison.
Your flesh is very heat resistant. (rF++)
You are vulnerable to cold. (rC-)
You float through the air rather than walking.
You learn spells naturally, not from books.
Your magical power is your life essence.
You have superior vitality. (+4 HP)


Message History

(Press . to maintain the ray.)
* * * LOW HITPOINT WARNING * * *
You start resting.
A hornet comes into view.
You see here a ring of magical power.
Found 11 sling bullets.
Found a broken altar of Ashenzari.
You start resting.
A hornet is nearby!
As you read the scroll of teleportation {@r3}, it crumbles to dust.
You feel strangely unstable.
Casting: Searing Ray (safe; 1% risk of failure)
Confirm with . or Enter, or press ? or * to list all spells.
You erupt in a blast of force!
The mystic blast hits the hornet!
The hornet is moderately wounded.
The hornet is knocked back by the mystic blast.
* * * LOW HITPOINT WARNING * * *
Your surroundings suddenly seem different.
Found 12 poisoned darts.
You start resting.
A hornet is nearby!
Found a stone staircase leading down.
An iguana comes into view.
Found 16 gold pieces.
Found a stone staircase leading up.
The iguana hisses angrily.
You hear a shout!
Found a stone staircase leading up.
Found an escape hatch in the ceiling.
Things that are here:
16 gold pieces; a +1 leather armour of fire resistance
Found a flail and 17 gold pieces.
The hornet buzzes angrily.
You hear a shout!
There is an escape hatch in the ceiling here.
Really go through this one-way escape hatch?
A mysterious force pulls you upwards. The hatch slams shut behind you.
The skeletal warrior throws a stone.
The stone hits you!
* * * LOW HITPOINT WARNING * * *
The skeletal warrior throws a stone.
The stone hits you!
* * * LOW HITPOINT WARNING * * *
The skeletal warrior throws a stone.
The stone barely misses you.
The skeletal warrior throws a stone.
The stone hits you!!
You die...

.....).##.##.#....#
.......##.##.#....#
.......##.##.#....#
.......##.##.#....#
##.....##.##.#....#
#.....##.##.#....#
#.....##.##.#....#
###..###.##.....###########
##.# #.######@..........#
#.# #.# ##........z..# #..
#.# #............#
##'##'#####............#
..........#............#
...).).$..#............#
...)......#.z..........#
.........[#............#
......z....).###########


You could see a skeletal warrior.

Vanquished Creatures
  Maggie (D:6)
  Grinder (D:4)
  A water moccasin (D:7)
  A hornet zombie (D:7)
  3 ice beasts
  A black bear (D:5)
  2 necrophages (D:5)
  2 ogres
  2 centaurs
  A phantom (D:5)
  A bullfrog (D:7)
  Dowan (D:4)
  A howler monkey (D:6)
  3 jellies
  An orc priest (D:4)
  A bullfrog skeleton (D:4)
  A hound (D:7)
  A centaur zombie (D:7)
  A gnoll shaman (D:6)
  3 iguanas
  4 orc wizards
  8 gnolls
  A howler monkey skeleton (D:4)
  7 adders
  A white imp (D:7)
  An adder skeleton (D:4)
  A worm (D:4)
  A dart slug (D:3)
  14 orcs
  3 bats (D:3)
  An endoplasm (D:2)
  4 giant cockroaches
  5 goblins
  7 hobgoblins
  2 jackals (D:3)
  5 quokkas
  10 ball pythons
  2 frilled lizards
  9 kobolds
  5 rats
120 creatures vanquished.

Vanquished Creatures (others)
  9 fulminant prisms
9 creatures vanquished.

Grand Total: 129 creatures vanquished

Notes
Turn   | Place    | Note
-------+----------+-------------------------------------------
     0 | D:1      | Zenkrye the Djinni Conjurer began the quest for the Orb.
     0 | D:1      | Reached XP level 1. HP: 15/15 MP: 0/0
   437 | D:1      | Reached XP level 2. HP: 20/22 MP: 0/0
  1264 | D:2      | Reached skill level 1 in Fighting
  1620 | D:2      | Reached XP level 3. HP: 15/27 MP: 0/0
  1620 | D:2      | Learned a level 1 spell: Animate Skeleton
  2071 | D:2      | Reached skill level 3 in Dodging
  2215 | D:2      | Found a faded altar of an unknown god.
  2410 | D:2      | Reached XP level 4. HP: 27/33 MP: 0/0
  2609 | D:2      | Identified a scroll of acquirement
  2609 | D:2      | Acquired the ring "Kepel" {Fire Will+ Int-3 SInv}
  2929 | D:3      | Found a glowing silver altar of Zin.
  3035 | D:3      | Reached XP level 5. HP: 15/38 MP: 0/0
  3035 | D:3      | Learned a level 2 spell: Blink
  3870 | D:4      | Noticed an ogre
  3876 | D:4      | Killed an ogre
  3877 | D:4      | Reached skill level 4 in Dodging
  3877 | D:4      | Reached XP level 6. HP: 40/45 MP: 0/0
  3944 | D:4      | Noticed Grinder
  3952 | D:4      | Paralysed by Grinder for 5 turns
  3958 | D:4      | Killed Grinder
  3959 | D:4      | Reached XP level 7. HP: 24/51 MP: 0/0
  3959 | D:4      | Learned a level 3 spell: Lesser Beckoning
  4221 | D:4      | Found an iron altar of Okawaru.
  4650 | D:4      | Reached skill level 5 in Dodging
  4802 | D:4      | Noticed Dowan
  4803 | D:4      | Noticed Duvessa
  4831 | D:4      | Killed Dowan
  5506 | D:4      | Noticed Edmund
  5713 | D:5      | Entered Level 5 of the Dungeon
  5744 | D:5      | Found a white marble altar of Elyvilon.
  5751 | D:5      | Found Yxicwof's Assorted Antiques.
  5779 | D:5      | Reached skill level 5 in Spellcasting
  5779 | D:5      | Reached XP level 8. HP: 40/58 MP: 0/0
  5987 | D:5      | Reached skill level 1 in Shields
  5993 | D:5      | Reached skill level 5 in Fighting
  5993 | D:5      | Reached skill level 6 in Dodging
  6685 | D:5      | Reached XP level 9. HP: 54/65 MP: 0/0
  6685 | D:5      | Learned a level 3 spell: Teleport Other
  7183 | D:6      | Noticed a skeletal warrior
  7232 | D:6      | Noticed a skeletal warrior
  7444 | D:6      | Reached skill level 7 in Dodging
  7586 | D:6      | Noticed a skeletal warrior
  7724 | D:6      | Noticed Maggie
  7740 | D:6      | Killed Maggie
  8130 | D:7      | Noticed a hornet
  8140 | D:7      | Found a broken altar of Ashenzari.
  8259 | D:7      | Noticed a +0 hand axe
  8260 | D:7      | Noticed a +0 dagger
  8274 | D:6      | Hit by a stone thrown by a skeletal warrior

Illustrated notes

Levels and vault maps discovered:
D:1:      dpeg_arrival_three_bigger_balls, layout_loops_corners
D:2:      layout_loops_cross, hellmonk_ecumenical_altar_defaced_shrine
D:3:      layout_basic, lemuel_doored_altar
D:4:      layout_cave_pods, mainiacjoe_overflow_surrounded_room, minitemple,
          minmay_temple_entry_poolview, st_stairs_11, kennysheep_small_circle,
          uniq_duvessa, uniq_edmund, uniq_grinder
D:5:      layout_cave_pools, nicolae_elyvilon_peaceful_grove,
          nicolae_stop_n_shop_2
D:6:      minmay_klotski, layout_basic, kennysheep_windowed_goal, uniq_maggie
D:7:      layout_rooms, dancing_weapons_uskayaw, evilmike_ruin_ashenzari,
          grunt_decor_clamped, kennysheep_generic_room_13, uniq_menkaure

Skill      XL: |  1  2  3  4  5  6  7  8  9 |
---------------+----------------------------+-----
Fighting       | 1 2 3 4 5 6 |  6.5
Dodging        | 3 4 5 6 7 |  7.6
Spellcasting   | 4 5 6 |  6.1
Shields        | 2 4 |  4.3
Stealth        | |  1.5

Action                   |  1- 3 |  4- 6 |  7- 9 || total
-------------------------+-------+-------+-------++-------
Melee: Dagger            |       |       |     1 ||     1
 Cast: Magic Dart        |    56 |    55 |    66 ||   177
       Searing Ray       |     9 |    14 |    44 ||    67
       Animate Skeleton  |     2 |       |       ||     2
       Iskenderun's Myst |       |     1 |    37 ||    38
       Fulminant Prism   |       |       |     9 ||     9
Evoke: Wand              |       |       |     4 ||     4
  Use: Scroll            |     2 |     4 |     7 ||    13
       Potion            |       |       |     2 ||     2
Armor: Robe              |     2 |     3 |    10 ||    15
Dodge: Dodged            |     3 |    11 |    14 ||    28

Table legend: (Time is in decaauts)
 A = Elapsed time spent in this place.
 B = Non-inter-level travel time spent in this place.
 C = Inter-level travel time spent in this place.
 D = Time resting spent in this place.
 E = Time spent auto-exploring this place.
 F = Levels seen in this place.
 G = Mean time per level.
                   A        B        C        D        E       F      G
               +--------+--------+--------+--------+--------+-----+--------+
         Total |   8278 |   7897 |    381 |    965 |   5903 |   7 | 1182.6 |
       Dungeon |   8278 |   7897 |    381 |    965 |   5903 |   7 | 1182.6 |
               +--------+--------+--------+--------+--------+-----+--------+

Top non-repeatable levels by time:
     D:5: 1664 daAuts
     D:4: 1621 daAuts
     D:3: 1440 daAuts
     D:2: 1412 daAuts
     D:1: 1239 daAuts
     D:6: 717 daAuts
     D:7: 182 daAuts
